PAA
CHESAPEAKE CONTINENTALS @ MARQUETTE MINERS
07/28/2034
 
TOP OF THE 1ST
Chesapeake Continentals batting - Pitching for Marquette Miners : RHP Joe Shlabotnik
Pitching: RHP Joe Shlabotnik
Batting: RHB Tony Calhoun 0-0: Ball
1-0: Ball
2-0: Ball
3-0: Called Strike
3-1: Base on Balls
Batting: RHB Phil Oostermeer 0-0: Called Strike
0-1: Ball
1-1: DOUBLE (Line Drive, 9LS)
Tony Calhoun to third
Runner from 3rd tries for Home, SAFE, throw made at trailing runner, OUT at third!
Batting: RHB Santiago Valentín 0-0: Called Strike
0-1: Ball
1-1: Called Strike
1-2: Foul Ball, location: 2F
1-2: Strikes out swinging
Batting: RHB Gil Andersen 0-0: Swinging Strike
0-1: Swinging Strike
0-2: Foul Ball, location: 2F
0-2: Strikes out swinging
Top of the 1st over - 1 run, 1 hit, 0 errors, 0 left on base; Chesapeake 1 - Marquette 0
BOTTOM OF THE 1ST
Marquette Miners batting - Pitching for Chesapeake Continentals : LHP Ángel Silva
Pitching: LHP Ángel Silva
Batting: RHB Steve Albright 0-0: Called Strike
0-1: Ball
1-1: Ground out 1-3 (Groundball, P)
Batting: RHB Arvi Sutinen 0-0: Swinging Strike
0-1: Called Strike
0-2: Ball
1-2: Strikes out swinging
Batting: RHB Brock Dean 0-0: Ball
1-0: Called Strike
1-1: Ball
2-1: Ground out 6-3 (Groundball, 6)
Bottom of the 1st over - 0 runs, 0 hits, 0 errors, 0 left on base; Chesapeake 1 - Marquette 0
TOP OF THE 2ND
Chesapeake Continentals batting - Pitching for Marquette Miners : RHP Joe Shlabotnik
Batting: LHB Raphaël Duval 0-0: Called Strike
0-1: Called Strike
0-2: Ball
1-2: Ball
2-2: Ball
3-2: Base on Balls
Batting: RHB Nick Bechtel 0-0: Ball
1-0: Called Strike
1-1: Ball
2-1: Called Strike
2-2: Ball
3-2: Base on Balls
Raphaël Duval to second
Batting: SHB Bernie Nutall 0-0: Called Strike
0-1: Ball
1-1: Ball
2-1: Fly out, F2 (Popup, 25F)
Batting: RHB Manuel Ángel 0-0: Ball
1-0: Fielders Choice at 2nd, 3-6 (Groundball, 34)
Raphaël Duval to third
Batting: RHB Shou-chien Luo 0-0: Called Strike
0-1: Swinging Strike
0-2: Ball
1-2: Ball
2-2: Strikes out looking
Top of the 2nd over - 0 runs, 0 hits, 0 errors, 2 left on base; Chesapeake 1 - Marquette 0
BOTTOM OF THE 2ND
Marquette Miners batting - Pitching for Chesapeake Continentals : LHP Ángel Silva
Batting: RHB Sameen Shaw 0-0: Called Strike
0-1: Ball
1-1: Ball
2-1: Foul Ball, location: 2F
2-2: Ball
3-2: Foul Ball, location: 2F
3-2: Base on Balls
Batting: LHB Carlos Germán 0-0: Called Strike
0-1: Ball
1-1: Swinging Strike
1-2: Strikes out looking
Batting: RHB Eli Cline 0-0: Called Strike
0-1: Swinging Strike
0-2: Ball
1-2: Grounds into double play, 5-4-3 (Groundball, 5)
Bottom of the 2nd over - 0 runs, 0 hits, 0 errors, 0 left on base; Chesapeake 1 - Marquette 0
TOP OF THE 3RD
Chesapeake Continentals batting - Pitching for Marquette Miners : RHP Joe Shlabotnik
Batting: RHB Tony Calhoun 0-0: Ball
1-0: Called Strike
1-1: Swinging Strike
1-2: Strikes out looking
Batting: RHB Phil Oostermeer 0-0: Foul Ball, location: 2F
0-1: Ball
1-1: Called Strike
1-2: Ball
2-2: Fly out, F7 (Flyball, 7D)
Batting: RHB Santiago Valentín 0-0: Ball
1-0: Called Strike
1-1: Ground out 6-3 (Groundball, 6)
Top of the 3rd over - 0 runs, 0 hits, 0 errors, 0 left on base; Chesapeake 1 - Marquette 0
BOTTOM OF THE 3RD
Marquette Miners batting - Pitching for Chesapeake Continentals : LHP Ángel Silva
Batting: RHB Matt Cleveland 0-0: SINGLE (Line Drive, 9S)
Batting: RHB Vic Funnell 0-0: Called Strike
0-1: Ball
1-1: Ball
2-1: SINGLE (Line Drive, 89S)
Matt Cleveland to second
Batting: RHB Ryan French 0-0: Called Strike
0-1: Called Strike
0-2: Ball
1-2: Fly out, F9 (Flyball, 9D)
Runner from 2nd tags up, SAFE at 3rd, no throw
Batting: RHB Steve Albright 0-0: Called Strike
0-1: Called Strike
0-2: Ball
1-2: Grounds into double play, 5-4-3 (Groundball, 5)
Bottom of the 3rd over - 0 runs, 2 hits, 0 errors, 1 left on base; Chesapeake 1 - Marquette 0
TOP OF THE 4TH
Chesapeake Continentals batting - Pitching for Marquette Miners : RHP Joe Shlabotnik
Batting: RHB Gil Andersen 0-0: Called Strike
0-1: Fly out, F7 (Flyball, 78M)
Batting: LHB Raphaël Duval 0-0: Foul Ball, location: 2F
0-1: Foul Ball, location: 2F
0-2: Foul Ball, location: 2F
0-2: Ball
1-2: Ball
2-2: Fly out, F2 (Popup, 3SF)
Batting: RHB Nick Bechtel 0-0: Foul Ball, location: 2F
0-1: Ball
1-1: Ball
2-1: Foul Ball, location: 2F
2-2: Ground out 5-3 (Groundball, 56)
Top of the 4th over - 0 runs, 0 hits, 0 errors, 0 left on base; Chesapeake 1 - Marquette 0
BOTTOM OF THE 4TH
Marquette Miners batting - Pitching for Chesapeake Continentals : LHP Ángel Silva
Batting: RHB Arvi Sutinen 0-0: Ground out 4-3 (Groundball, 4)
Batting: RHB Brock Dean 0-0: Ball
1-0: Ball
2-0: Called Strike
2-1: Ball
3-1: Foul Ball, location: 2F
3-2: SINGLE (Flyball, 9LS)
Batting: RHB Sameen Shaw 0-0: Called Strike
0-1: Foul Ball, location: 2F
0-2: DOUBLE (Line Drive, 89D)
Brock Dean to third
Brock Dean scores
Batting: LHB Carlos Germán 0-0: Called Strike
0-1: Foul Ball, location: 2F
0-2: Ball
1-2: Ball
2-2: Fly out, F7 (Line Drive, 7)
Batting: RHB Eli Cline 0-0: Ball
1-0: Called Strike
1-1: Foul Ball, location: 2F
1-2: Ball
2-2: Foul Ball, location: 2F
2-2: SINGLE (Line Drive, 56)
Sameen Shaw to third
Batting: RHB Matt Cleveland 0-0: Ball
1-0: Called Strike
1-1: Ball
2-1: DOUBLE (Line Drive, 7LD)
Sameen Shaw scores
Eli Cline to third
Runner from 3rd tries for Home, SAFE, throw made at trailing runner, OUT at third!
Bottom of the 4th over - 3 runs, 4 hits, 0 errors, 0 left on base; Chesapeake 1 - Marquette 3
TOP OF THE 5TH
Chesapeake Continentals batting - Pitching for Marquette Miners : RHP Joe Shlabotnik
Pitching: RHP Kenko Nakano
Batting: SHB Bernie Nutall 0-0: Called Strike
0-1: Called Strike
0-2: Strikes out swinging
Batting: RHB Manuel Ángel 0-0: Foul Ball, location: 2F
0-1: Ball
1-1: Called Strike
1-2: Ground out 4-3 (Groundball, 4D)
Batting: RHB Shou-chien Luo 0-0: Ball
1-0: Called Strike
1-1: Ball
2-1: Foul Ball, location: 2F
2-2: Fly out, F9 (Flyball, 9LS)
Top of the 5th over - 0 runs, 0 hits, 0 errors, 0 left on base; Chesapeake 1 - Marquette 3
BOTTOM OF THE 5TH
Marquette Miners batting - Pitching for Chesapeake Continentals : LHP Ángel Silva
Batting: RHB Vic Funnell 0-0: Ball
1-0: Ground out 6-3 (Groundball, 6)
Batting: RHB Ryan French 0-0: Ball
1-0: Foul Ball, location: 2F
1-1: Foul Ball, location: 2F
1-2: Foul Ball, location: 2F
1-2: Foul Ball, location: 2F
1-2: Ball
2-2: Ground out 5-3 (Groundball, 5)
Batting: RHB Steve Albright 0-0: Called Strike
0-1: Swinging Strike
0-2: Ball
1-2: Strikes out looking
Bottom of the 5th over - 0 runs, 0 hits, 0 errors, 0 left on base; Chesapeake 1 - Marquette 3
TOP OF THE 6TH
Chesapeake Continentals batting - Pitching for Marquette Miners : RHP Kenko Nakano
Batting: RHB Tony Calhoun 0-0: Swinging Strike
0-1: SINGLE (Groundball, 6MD)
Batting: RHB Phil Oostermeer 0-0: Swinging Strike
0-1: Called Strike
0-2: Strikes out swinging
Batting: RHB Santiago Valentín 0-0: Ball
1-0: Ball
2-0: SINGLE (Groundball, 34) (infield hit)
Tony Calhoun to second
Batting: RHB Gil Andersen 0-0: Ball
1-0: Ball
2-0: Called Strike
2-1: Foul Ball, location: 2F
2-2: Ball
3-2: Base on Balls
Tony Calhoun to third
Santiago Valentín to second
Batting: LHB Raphaël Duval 0-0: Called Strike
0-1: Ball
1-1: Ball
2-1: Foul Ball, location: 2F
2-2: Ball
3-2: Fly out, F8 (Flyball, 8RXD)
Runner from 3rd tags up, SCORES, no throw
Santiago Valentín to third
Batting: RHB Nick Bechtel 0-0: Swinging Strike
0-1: Ball
1-1: DOUBLE (Line Drive, 8LD)
Santiago Valentín scores
Gil Andersen to third
Runner from 3rd tries for Home, SAFE, no throw
Pitching: RHP Theodore Pillete
Batting: SHB Bernie Nutall 0-0: Ball
1-0: Ball
2-0: Ball
3-0: Called Strike
3-1: Base on Balls
Batting: RHB Manuel Ángel 0-0: Ground out 4-3 (Groundball, 4)
Top of the 6th over - 3 runs, 3 hits, 0 errors, 2 left on base; Chesapeake 4 - Marquette 3
BOTTOM OF THE 6TH
Marquette Miners batting - Pitching for Chesapeake Continentals : LHP Ángel Silva
Batting: RHB Arvi Sutinen 0-0: Called Strike
0-1: Swinging Strike
0-2: Fly out, F1 (Line Drive, 15)
Batting: RHB Brock Dean 0-0: Ball
1-0: Called Strike
1-1: Foul Ball, location: 2F
1-2: TRIPLE (Line Drive, 8RXD)
Batting: RHB Sameen Shaw 0-0: Fly out, F9 (Flyball, 89S)
Runner from 3rd tags up, SCORES, no throw
Batting: LHB Carlos Germán 0-0: Foul Ball, location: 2F
0-1: Ball
1-1: Foul Ball, location: 2F
1-2: Ball
2-2: Ball
3-2: Ground out 4-3 (Groundball, 4)
Bottom of the 6th over - 1 run, 1 hit, 0 errors, 0 left on base; Chesapeake 4 - Marquette 4
TOP OF THE 7TH
Chesapeake Continentals batting - Pitching for Marquette Miners : RHP Theodore Pillete
Batting: RHB Shou-chien Luo 0-0: Called Strike
0-1: Ball
1-1: Called Strike
1-2: Ball
2-2: Ball
3-2: Base on Balls
Batting: RHB Tony Calhoun 0-0: Bunted foul
0-1: Bunted foul
0-2: Foul Ball, location: 2F
0-2: SINGLE (Groundball, 6MD)
Shou-chien Luo to second
Batting: RHB Phil Oostermeer 0-0: Fielders Choice at 2nd, 4-6 (Groundball, 4)
Shou-chien Luo to third
Batting: RHB Santiago Valentín 0-0: Ball
1-0: Fielders Choice at 2nd, 6-4 (Groundball, 6)
Shou-chien Luo scores
Batting: RHB Gil Andersen 0-0: Ground out 6-3 (Groundball, 6)
Top of the 7th over - 1 run, 1 hit, 0 errors, 1 left on base; Chesapeake 5 - Marquette 4
BOTTOM OF THE 7TH
Marquette Miners batting - Pitching for Chesapeake Continentals : LHP Ángel Silva
Batting: RHB Eli Cline 0-0: Called Strike
0-1: Ball
1-1: Ball
2-1: Foul Ball, location: 2F
2-2: Ball
3-2: Base on Balls
Batting: RHB Matt Cleveland 0-0: Ball
1-0: Ball
2-0: Bunted foul
2-1: Sac Bunt - play at first, batter OUT! 3-4
Eli Cline to second
Pitching: RHP Mike Marsh
Batting: RHB Vic Funnell 0-0: Ball
1-0: Called Strike
1-1: Ball
2-1: Foul Ball, location: 2F
2-2: Foul Ball, location: 2F
2-2: Strikes out swinging
Batting: RHB Ryan French 0-0: Called Strike
0-1: Ball
1-1: Called Strike
1-2: Ball
2-2: Fly out, F7 (Flyball, 78M)
Bottom of the 7th over - 0 runs, 0 hits, 0 errors, 1 left on base; Chesapeake 5 - Marquette 4
TOP OF THE 8TH
Chesapeake Continentals batting - Pitching for Marquette Miners : RHP Theodore Pillete
Batting: LHB Raphaël Duval 0-0: Ball
1-0: Ball
2-0: SINGLE (Flyball, 8RS)
Batting: RHB Nick Bechtel 0-0: Ball
1-0: Ground out 4-3 (Groundball, 4S)
Raphaël Duval to second
Batting: SHB Bernie Nutall 0-0: Ball
1-0: Called Strike
1-1: Fly out, F8 (Flyball, 8LXD)
Runner from 2nd tags up, SAFE at 3rd, no throw
Batting: RHB Manuel Ángel 0-0: Called Strike
0-1: SINGLE (Groundball, 56D)
Raphaël Duval scores
Batting: RHB Shou-chien Luo 0-0: Ball
1-0: Swinging Strike
1-1: Called Strike
1-2: Ball
2-2: Fly out, F8 (Line Drive, 8RM)
Top of the 8th over - 1 run, 2 hits, 0 errors, 1 left on base; Chesapeake 6 - Marquette 4
BOTTOM OF THE 8TH
Marquette Miners batting - Pitching for Chesapeake Continentals : RHP Mike Marsh
Batting: RHB Steve Albright 0-0: Ball
1-0: Called Strike
1-1: Ball
2-1: Foul Ball, location: 2F
2-2: Foul Ball, location: 2F
2-2: Ball
3-2: Fly out, F8 (Flyball, 8LD)
Batting: RHB Arvi Sutinen 0-0: Called Strike
0-1: Ground out 4-3 (Groundball, 4)
Batting: RHB Brock Dean 0-0: Ball
1-0: SINGLE (Line Drive, 56D)
Batting: RHB Sameen Shaw 0-0: Called Strike
0-1: Called Strike
0-2: Ball
1-2: Ball
2-2: Fly out, F9 (Flyball, 9LM)
Bottom of the 8th over - 0 runs, 1 hit, 0 errors, 1 left on base; Chesapeake 6 - Marquette 4
TOP OF THE 9TH
Chesapeake Continentals batting - Pitching for Marquette Miners : RHP Theodore Pillete
Pitching: RHP Shawn Stevenson
Batting: RHB Tony Calhoun 0-0: Ball
1-0: Fly out, F8 (Line Drive, 8LM)
Batting: RHB Phil Oostermeer 0-0: Fly out, F1 (Line Drive, 13)
Batting: RHB Santiago Valentín 0-0: Foul Ball, location: 2F
0-1: Ball
1-1: Swinging Strike
1-2: Strikes out swinging
Top of the 9th over - 0 runs, 0 hits, 0 errors, 0 left on base; Chesapeake 6 - Marquette 4
BOTTOM OF THE 9TH
Marquette Miners batting - Pitching for Chesapeake Continentals : RHP Mike Marsh
Pitching: RHP Tom King
Now in CF: Román Sánchez
Batting: LHB Carlos Germán 0-0: Called Strike
0-1: Ball
1-1: SINGLE (Line Drive, 8LS)
Batting: RHB Eli Cline 0-0: Ball
1-0: Called Strike
1-1: Fly out, F8 (Line Drive, 8RD)
Batting: RHB Matt Cleveland 0-0: Called Strike
0-1: Ball
1-1: Foul Ball, location: 2F
1-2: Fielders Choice at 2nd, 6-4 (Groundball, 6D)
Batting: RHB Vic Funnell 0-0: Ball
1-0: Called Strike
1-1: Ball
2-1: Fly out, F5 (Line Drive, 56)
Bottom of the 9th over - 0 runs, 1 hit, 0 errors, 1 left on base; Chesapeake 6 - Marquette 4
Friday, March 29th, 2019 - OOTP Baseball 18.8 Build 76